 Dungeon Crawl Stone Soup version 0.22.1-2-g9c5b331383 (webtiles) character file.

46 Jynx the Vexing (level 3, -5/16 HPs)
             Began as a Spriggan Enchanter on Dec 2, 2018.
             Slain by a kobold
             ... wielding a +0 short sword
              (6 damage)
             ... on level 2 of the Dungeon.
             The game lasted 00:03:11 (2347 turns).

Jynx the Vexing (Spriggan Enchanter)                Turns: 2347, Time: 00:03:11

Health: -5/16      AC:  2    Str:  4    XL:     3   Next: 44%
Magic:  1/8        EV: 18    Int: 16    God:
Gold:   116        SH:  0    Dex: 17    Spells: 2/8 levels left

rFire    . . .     SeeInvis +   a - +1 dagger
rCold    . . .     Gourm    .   (shield restricted)
rNeg     . . .     Faith    .   b - +0 robe
rPois    .         Spirit   .   (helmet restricted)
rElec    .         Reflect  .   (no cloak)
rCorr    .         Harm     .   (gloves unavailable)
MR       .....                  (boots unavailable)
Stlth    +++.......             (no amulet)
HPRegen  0.05/turn              (no ring)
MPRegen  0.11/turn              (no ring)

@: very quick
A: very small, unfitting armour, see invisible, herbivore, speed 3, slow
metabolism 2
a: no special abilities


You were on level 2 of the Dungeon.
You were not hungry.

You visited 1 branch of the dungeon, and saw 2 of its levels.

You collected 116 gold pieces.

Inventory:

Hand Weapons
 a - a +1 dagger (weapon)
Armour
 b - a +0 robe (worn)
Jewellery
 f - an uncursed ring of wizardry {unknown}
Scrolls
 i - a scroll of blinking {unknown}
Potions
 c - a potion of heal wounds {unknown}
 e - 2 potions of mutation {unknown}
 g - a potion of invisibility {unknown}
 h - a potion of might {unknown}
 j - a potion of magic {unknown}
 k - a potion of degeneration {unknown}
 l - a potion of curing {unknown}
Comestibles
 d - 5 rations


   Skills:
 + Level 2.0 Short Blades
 - Level 3.0 Dodging
 - Level 4.4 Stealth
 + Level 3.3 Spellcasting
 * Level 4.6 Hexes


You had 2 spell levels left.
You knew the following spells:

 Your Spells              Type           Power        Failure   Level  Hunger
a - Corona                Hex            ###....      2%          1    None
b - Ensorcelled Hibernat  Hex/Ice        ##....       11%         2    ##.....
c - Confuse               Hex            ###.....     8%          3    ###....

Your spell library contained the following spells:

 Spells                   Type           Power        Failure   Level  Hunger
 Tukima's Dance           Hex            ###.....     8%          3    ###....
 Dazzling Spray           Conj/Hex       ##....       21%         3    ###....


Dungeon Overview and Level Annotations

Branches:
Dungeon (2/15)

Altars:
Qazlal


Innate Abilities, Weirdness & Mutations

You are very small and have problems with some larger weapons.
You are too small for most types of armour.
You have supernaturally acute eyesight. (SInv)
You are a herbivore.
You cover ground extremely quickly.
You need to consume almost no food.


Message History

You hit the kobold.
The kobold is heavily wounded.
The kobold misses you.
You closely miss the kobold.
The kobold is heavily wounded.
The kobold completely misses you.
You hit the kobold but do no damage.
The kobold is heavily wounded.
You barely miss the kobold.
The kobold is heavily wounded.
The kobold hits you with a short sword.
* * * LOW HITPOINT WARNING * * *
You hit the kobold but do no damage.
The kobold is heavily wounded.
The kobold hits you with a short sword.
* * * LOW HITPOINT WARNING * * *
You hit the kobold but do no damage.
The kobold is moderately wounded.
The kobold hits you with a short sword.
You die...

##.##...##.#.##......#.....
##....................##.#.....
..............#.......###.#.....
..........##.##....##### #.......
................##.### #.......
..........#..........#####....##.
..............#..................
..............########## #(##..
###...........rK@...# #..#..
.........############ #.....
.$.......# ####.. ......K........
#..... .........###... ####..
.........# . #.. .[........ ##.
........... #. .........## ######


You could see a quokka and a kobold.

Vanquished Creatures
  An adder (D:2)
  A dart slug (D:1)
  2 leopard geckos
  2 bats (D:1)
  A giant cockroach (D:1)
  5 goblins (D:1)
  3 hobgoblins
  2 jackals (D:2)
  6 kobolds
  A quokka (D:2)
  5 frilled lizards
  2 rats (D:2)
31 creatures vanquished.

Notes
Turn   | Place    | Note
-------+----------+-------------------------------------------
     0 | D:1      | Jynx the Spriggan Enchanter began the quest for the Orb.
     0 | D:1      | Reached XP level 1. HP: 9/9 MP: 5/5
   783 | D:1      | Reached XP level 2. HP: 4/13 MP: 6/6
  1760 | D:2      | Found a stormy altar of Qazlal.
  1762 | D:2      | Noticed an air elemental
  1763 | D:2      | Noticed an earth elemental
  1763 | D:2      | Noticed a fire elemental
  1763 | D:2      | Noticed a water elemental
  1839 | D:2      | Reached XP level 3. HP: 3/16 MP: 6/8
  2246 | D:2      | Learned a level 2 spell: Ensorcelled Hibernation
  2250 | D:2      | Learned a level 3 spell: Confuse
  2347 | D:2      | Slain by a kobold

Skill      XL: |  1  2  3 |
---------------+----------+-----
Hexes          | 4 |  4.6
Spellcasting   | 3 |  3.3
Short Blades   | 2 |  2.0
Dodging        | |  3.0
Stealth        | |  4.4

Action                   || total
-------------------------++-------
Melee: Dagger            ||   159
 Cast: Corona            ||    17
       Ensorcelled Hiber ||     2
       Confuse           ||     1
  Use: Scroll            ||     1
 Stab: Sleeping          ||    10
Armor: Robe              ||     8
Dodge: Dodged            ||   119
